 Dungeon Crawl Stone Soup version 0.21-a0-178-g0b87683 (webtiles) character file.

1106 wolfsongas the Cudgeler (level 8, -6/60 HPs)
             Began as a Demonspawn Fighter on Aug 9, 2017.
             Was a Follower of Wu Jian.
             Mangled by an orc warrior
             ... wielding a +0 dire flail
              (9 damage)
             ... on level 7 of the Dungeon.
             The game lasted 00:08:35 (4377 turns).

wolfsongas the Cudgeler (Demonspawn Fighter)        Turns: 4377, Time: 00:08:36

Health: -6/60      AC: 15    Str: 18    XL:     8   Next: 11%
Magic:  8/8        EV:  3    Int: 11    God:    Wu Jian [*.....]
Gold:   339        SH:  9    Dex: 12    Spells: 7/7 levels left

rFire    . . .     SeeInvis .   o - +4 whip (venom)
rCold    . . .     Gourm    .   c - +0 shield
rNeg     . . .     Faith    .   h - +2 plate armour
rPois    .         Spirit   .   y - +0 hat
rElec    .         Reflect  .   (no cloak)
rCorr    .         Harm     .   (no gloves)
MR       .....                  v - +0 pair of boots
Stlth    ..........             (no amulet)
HPRegen  0.20/turn              u - +1 ring of protection
MPRegen  0.11/turn              (no ring)

@: no status effects
A: claws 1, hooves 2, spiny 1, rot immunity
a: Renounce Religion


You were on level 7 of the Dungeon.
You worshipped Wu Jian.
Wu Jian was aware of your devotion.
You were very full.

You visited 1 branch of the dungeon, and saw 7 of its levels.

You collected 339 gold pieces.

Inventory:

Hand Weapons
 a - a +0 flail
 o - a +4 whip of venom (weapon)
Armour
 b - a +0 scale mail
 c - a +0 shield (worn)
 h - a +2 plate armour (worn)
 v - a +0 pair of boots (worn)
 y - a +0 hat (worn)
Jewellery
 u - a +1 ring of protection (left claw)
Wands
 s - a wand of iceblast (2/15)
 t - a wand of polymorph (8/24)
Scrolls
 e - 2 scrolls of teleportation
 k - 2 scrolls of remove curse
 l - a scroll of magic mapping
 m - 2 scrolls of amnesia
 n - 2 scrolls of identify
 w - a scroll of vulnerability
 x - a scroll of fear
Potions
 d - a potion of might
 p - a potion of resistance
 r - a potion of curing
 z - a potion of flight
 A - a potion of heal wounds
Books
 i - a book of Necromancy

   Spells                             Type                      Level
   a - Pain                           Necromancy                   1
   b - Animate Skeleton               Necromancy                   1
   c - Vampiric Draining              Necromancy                   3
   d - Regeneration                   Charms/Necromancy            3
   e - Animate Dead                   Necromancy                   4
   f - Control Undead                 Necromancy                   4
 C - a book of Minor Magic

   Spells                             Type                      Level
   a - Magic Dart                     Conjuration                  1
   b - Blink                          Translocation                2
   c - Call Imp                       Summoning                    2
   d - Slow                           Hexes                        2
   e - Conjure Flame                  Conjuration/Fire             3
   f - Mephitic Cloud                 Conjuration/Poison/Air       3
Comestibles
 f - 7 bread rations
 g - a meat ration
 j - a royal jelly
 q - a fruit
 B - 16 chunks of flesh


   Skills:
 + Level 3.9 Fighting
 * Level 7.8 Maces & Flails
 + Level 3.6 Armour
 + Level 3.6 Shields


You had 7 spell levels left.
You didn't know any spells.

Dungeon Overview and Level Annotations

Branches:
Dungeon (7/15)             Temple (0/1) D:5

Altars:
Cheibriados
Dithmenos
Fedhas
Makhleb
Okawaru
Ru
Sif Muna
Vehumet
Wu Jian
Xom

Shops:
D:6 (


Innate Abilities, Weirdness & Mutations

You have sharp fingernails.
You have hoof-like feet.
You are partially covered in sharp spines.
You are immune to rotting.


Message History

You kill the ogre!
The Council accepts your kill.
The orc warrior hits you with a dire flail!
* * * LOW HITPOINT WARNING * * *
You miss the orc wizard. You block the orc warrior's attack.
You block the orc wizard's attack.
You closely miss the orc warrior.
The orc warrior is moderately wounded.
The orc warrior hits you with a dire flail!
* * * LOW HITPOINT WARNING * * *
You hit the orc warrior but do no damage.
The orc warrior looks even sicker.
The orc warrior is heavily wounded.
The orc wizard is struck by your spines.
The orc wizard hits you but does no damage.
You hit the orc warrior.
The orc warrior looks as sick as possible!
The orc warrior is severely wounded.
The orc warrior hits you with a dire flail!
You die...

#....## .......
#.%... #.....
#.....#
##.....#
......o#####
#o@...# #.....#
#....)###
#.......#
###)....#.#
#####......##.#
#.....####....#
#.....# ######
#.....#


You could see an orc warrior and an orc wizard.

Vanquished Creatures
  A sky beast (D:6)
  An ogre (D:7)
  A bullfrog (D:6)
  A centaur zombie (D:5)
  3 crimson imps
  3 orc priests
  2 hounds
  5 orc wizards
  A centaur skeleton (D:5)
  3 iguanas
  4 worker ants
  3 gnolls (D:4)
  10 adders
  2 adder skeletons (D:6)
  3 worms
  4 dart slugs
  2 leopard geckos
  18 orcs
  A ball python (D:4)
  6 bats (D:1)
  A giant cockroach (D:2)
  5 goblins
  7 hobgoblins
  5 quokkas
  4 frilled lizards
  9 kobolds
  A quokka skeleton (D:4)
  6 rats
112 creatures vanquished.

Vanquished Creatures (others)
  A goblin (D:2)
1 creature vanquished.

Grand Total: 113 creatures vanquished

Notes
Turn   | Place    | Note
-------+----------+-------------------------------------------
     0 | D:1      | wolfsongas the Demonspawn Fighter began the quest for the Orb.
     0 | D:1      | Reached XP level 1. HP: 18/18 MP: 1/1
    48 | D:1      | Reached skill level 2 in Maces & Flails
    95 | D:1      | Gained mutation: You have large cloven feet. [demonic ancestry]
    95 | D:1      | Reached XP level 2. HP: 24/24 MP: 2/2
   283 | D:1      | Reached skill level 3 in Maces & Flails
   527 | D:2      | Found a snail-covered altar of Cheibriados.
   542 | D:2      | Gained mutation: You are immune to rotting. [demonic ancestry]
   542 | D:2      | Reached XP level 3. HP: 20/29 MP: 3/3
   558 | D:2      | Found a radiant altar of Vehumet.
   825 | D:2      | Found a sacrificial altar of Ru.
  1402 | D:3      | Reached XP level 4. HP: 30/35 MP: 4/4
  1466 | D:3      | Reached skill level 4 in Maces & Flails
  2066 | D:4      | Found an ornate altar of the Wu Jian Council.
  2070 | D:4      | Gained mutation: You are partially covered in sharp spines. [demonic ancestry]
  2070 | D:4      | Reached XP level 5. HP: 41/41 MP: 5/5
  2086 | D:4      | Reached skill level 5 in Maces & Flails
  2089 | D:4      | Became a worshipper of the Wu Jian Council
  2424 | D:4      | Found a blossoming altar of Fedhas.
  2524 | D:4      | Gained mutation: You have hoof-like feet. [demonic ancestry]
  2524 | D:4      | Reached XP level 6. HP: 46/47 MP: 6/6
  2526 | D:4      | Reached skill level 6 in Maces & Flails
  2710 | D:5      | Entered Level 5 of the Dungeon
  3032 | D:5      | Reached skill level 7 in Maces & Flails
  3032 | D:5      | Reached XP level 7. HP: 52/52 MP: 7/7
  3158 | D:5      | Found a staircase to the Ecumenical Temple.
  3263 | D:5      | Reached * piety under Wu Jian
  3288 | D:5      | Found an iron altar of Okawaru.
  3984 | D:6      | Found a shimmering altar of Xom.
  4037 | D:6      | Found a burning altar of Makhleb.
  4119 | D:6      | Found Sis Guh's Weapon Shoppe.
  4162 | D:6      | Found a deep blue altar of Sif Muna.
  4162 | D:6      | Found a shadowy altar of Dithmenos.
  4342 | D:7      | Gained mutation: You have sharp fingernails. [demonic ancestry]
  4342 | D:7      | Reached XP level 8. HP: 60/60 MP: 8/8
  4375 | D:7      | HP: 3/60 [orc warrior/dire flail (10)]
  4377 | D:7      | Mangled by an orc warrior

Vault maps used:
D:1:      eino_arrival_tree_alley, serial_bayou_pond_e, feat_on_display
D:2:      kennysheep_slug_shrine, fiery_altar_vehumet, lemuel_crystal_altar
D:4:      lemuel_crystal_altar, nicolae_overflow_crystal_walls, first_bread
D:5:      kennysheep_okawaru_gauntlet, minmay_temple_entry_trees
D:6:      gammafunk_temple_overflow_elements, lightli_temple_of_fire,
          xom_teletrap_fun, serial_shops, shop, lemuel_flamethrower_1
D:7:      kennysheep_mini_moat, serial_shops, nicolae_shop_behind_doors,
          nicolae_shop_statue_plus, shop, shop, kennysheep_little_box,
          uniq_duvessa

Skill      XL: |  1  2  3  4  5  6  7 |
---------------+----------------------+-----
Maces & Flails | 2 3 4 5 7 |  7.8
Armour         | 3 |  3.6
Shields        | 3 |  3.6
Fighting       | |  3.9

Action                   |  1- 3 |  4- 6 |  7- 9 || total
-------------------------+-------+-------+-------++-------
Melee: Flail             |   107 |       |       ||   107
       Kick              |    21 |    33 |       ||    54
       Whip              |     7 |   130 |    94 ||   231
  Use: Scroll            |     7 |     5 |     3 ||    15
       Potion            |     2 |     1 |       ||     3
  Eat: Chunk             |     2 |     5 |     2 ||     9
       Meat ration       |       |       |     2 ||     2
Armor: Scale mail        |    31 |       |       ||    31
       Plate armour      |    34 |    64 |    43 ||   141
Dodge: Dodged            |    18 |    13 |     5 ||    36
Block: Shield            |    59 |    38 |    33 ||   130
